 Dungeon Crawl Stone Soup version 0.25-a0-163-g00f8f0c (webtiles) character file.

Game seed: 10055175670908103066, levelgen mode: deterministic

4594 DrEnzyme the Protected (level 10, 0/79 HPs)
             Began as a Formicid Wanderer on Nov 22, 2019.
             Was a Priest of Okawaru.
             Slain by a troll (2 damage)
             ... on level 9 of the Dungeon.
             The game lasted 00:19:35 (11099 turns).

DrEnzyme the Protected (Formicid Wanderer)         Turns: 11099, Time: 00:19:36

Health: 0/79       AC: 12    Str: 24    XL:     10   Next: 68%
Magic:  10/10      EV: 10    Int:  9    God:    Okawaru [***...]
Gold:   291        SH:  0    Dex:  9    Spells: 9/9 levels left

rFire    . . .     SeeInvis +   a - +2 hand axe (elec)
rCold    . . .     Gourm    .   (no shield)
rNeg     . . .     Faith    .   t - +0 scale mail
rPois    +         Spirit   .   (helmet unavailable)
rElec    .         Reflect  .   E - +0 cloak
rCorr    .         Harm     .   A - +1 pair of gloves
MR       ++...                  (no boots)
Stlth    ..........             (no amulet)
HPRegen  0.23/turn              G - ring of poison resistance
MPRegen  0.12/turn              q - ring of the Genius {MR+ Slay+2}

@: no status effects
A: permanent stasis, dig shafts and tunnels, four strong arms, antennae 3
a: Dig, Shaft Self, Heroism, Renounce Religion


You were on level 9 of the Dungeon.
You worshipped Okawaru.
Okawaru was most pleased with you.
You were not hungry.

You visited 2 branches of the dungeon, and saw 10 of its levels.
You also visited: Sewer.

You collected 551 gold pieces.
You spent 260 gold pieces at shops.

Inventory:

Hand Weapons
 a - a +2 hand axe of electrocution (weapon)
 b - a +3 hand crossbow
 D - a +1 hand axe of holy wrath
Missiles
 h - a curare-tipped dart (quivered)
 k - 89 bolts
 w - 5 javelins
Armour
 t - a +0 scale mail (worn)
 A - a +1 pair of gloves (worn)
 E - a +0 cloak (worn)
 F - a +0 shield
Jewellery
 i - an uncursed ring of fire
 q - the ring of the Genius (right hand) {MR+ Slay+2}
   (You found it on level 6 of the Dungeon)

   [ring of slaying]

   It affects your accuracy and damage with ranged weapons and melee attacks
   (+2).
   It affects your resistance to hostile enchantments.
 y - an uncursed ring of protection from magic
 B - an uncursed ring of wizardry
 G - a ring of poison resistance (left hand)
Scrolls
 j - a scroll of amnesia
 p - 3 scrolls of remove curse
 u - a scroll of magic mapping
 v - 4 scrolls of immolation
Potions
 c - 3 potions of flight
 e - 2 potions of might {unknown}
 g - 2 potions of berserk rage {unknown}
 l - a potion of degeneration {unknown}
 m - a potion of agility
 n - a potion of brilliance {unknown}
 o - 3 potions of curing
 r - 2 potions of magic {unknown}
 s - 3 potions of haste {unknown}
 x - 2 potions of mutation {unknown}
 z - a potion of invisibility {unknown}
 C - a potion of resistance {unknown}
 H - a potion of ambrosia {unknown}
Comestibles
 f - 14 rations


   Skills:
 * Level 7.0 Fighting
   Level 0.8 Short Blades
 * Level 8.6(8.7) Axes
   Level 1.0(5.4) Maces & Flails
 + Level 7.0 Crossbows
 + Level 0.4 Throwing
 * Level 8.8 Armour
 - Level 1.4 Dodging
 + Level 1.0 Stealth
 * Level 2.9 Shields
   Level 1.1 Evocations


You had 9 spell levels left.
You didn't know any spells.
Your spell library contained the following spells:

 Spells                   Type           Power        Failure   Level  Hunger
 Animate Skeleton         Necr           N/A          65%         1    ##.....
 Apportation              Tloc           #.....       65%         1    ##.....
 Confusing Touch          Hex            #.....       65%         1    ##.....
 Corona                   Hex            #......      65%         1    ##.....
 Freeze                   Ice            #...         65%         1    ##.....
 Summon Small Mammal      Summ           #...         65%         1    ##.....
 Slow                     Hex            #.......     78%         2    ###....
 Throw Frost              Conj/Ice       #.....       78%         2    ###....
 Inner Flame              Hex/Fire       #.......     95%         3    ####...
 Ozocubu's Armour         Chrm/Ice       #.......     95%         3    ####...
 Portal Projectile        Hex/Tloc       #.....       95%         3    ####...
 Cause Fear               Hex            #.........   100%        4    #####..
 Leda's Liquefaction      Hex/Erth       #.........   100%        4    #####..
 Summon Ice Beast         Ice/Summ       #.......     100%        4    #####..
 Throw Icicle             Conj/Ice       #.......     100%        4    #####..


Dungeon Overview and Level Annotations

Branches:
Dungeon (9/15)             Temple (1/1) D:5            Lair (0/6) D:9
  Sewer (visited)
    Orc: D:9-12

Altars:
Ashenzari
Cheibriados
Dithmenos
Elyvilon
Fedhas
Gozag
Hepliaklqana
Kikubaaqudgha
Makhleb
Nemelex Xobeh
Okawaru
Qazlal
Ru
Sif Muna
Trog
Uskayaw
Vehumet
Wu Jian
Xom
Yredelemnul
Zin
The Shining One

Shops:
D:8 %=}%

Annotations:
D:4 1 runed translucent door, Crazy Yiuf
D:6 3 runed translucent doors, exclusion: 3 doors, Eeriemist's ghost, novice GnSk
D:7 Harold


Innate Abilities, Weirdness & Mutations

You cannot be hasted, slowed, berserked, paralysed or teleported.
You can dig through walls and to a lower floor.
Your four strong arms can wield two-handed weapons with a shield.
You have a pair of large antennae on your head. (SInv)


Message History

* * * LOW HITPOINT WARNING * * *
You aren't carrying any items that you can evoke.
Okay, then.
You feel much better. The troll completely misses you.
The troll barely misses you. The troll claws you but does no damage.
You hit the troll.
The troll is almost dead.
The troll bites you!
* * * LOW HITPOINT WARNING * * *
The troll completely misses you. The troll claws you.
* * * LOW HITPOINT WARNING * * *
You barely miss the troll.
The troll is almost dead.
The troll bites you!
* * * LOW HITPOINT WARNING * * *
The troll closely misses you. The troll barely misses you.
Your scale mail prevents you from hitting the troll.
The troll is almost dead.
The troll bites you.
You die...

#..............###...
....#.............##....
..............###.##....
....##........###.......
.....#........###.......
...............#........
..$............#........
..............._..##....
..#.@..##...#..####.#
#T........#..####.#
....#.......###.#.#...
...###.......###.......
#####..>.....###.......
#.....#..##...........
......#.####..........
...##...#####........(
............#.........


You could see a troll.

Vanquished Creatures
  A troll (D:9)
  A wyvern (D:8)
  2 wargs (D:9)
  A water moccasin (D:6)
  2 orc warriors (D:6)
  A black bear (D:6)
  An ice beast (D:8)
  2 sky beasts
  7 ogres
  6 centaurs
  3 crocodiles
  A big kobold (D:6)
  3 bullfrogs
  A gnoll sergeant (D:6)
  A water moccasin zombie (D:8)
  2 scorpions
  2 centaur zombies
  A bullfrog zombie (D:8)
  2 quasits
  A centaur skeleton (D:4)
  3 jellies
  3 hounds
  8 orc wizards
  9 orc priests
  Jessica (D:3)
  5 iguanas
  7 worker ants
  A killer bee zombie (D:9)
  4 gnolls (D:6)
  12 adders
  3 river rats (D:5)
  2 shadow imps
  3 oozes
  3 adder zombies (D:2)
  2 adder skeletons
  6 worms
  3 dart slugs
  10 leopard geckos
  29 orcs
  5 ball pythons
  A bat skeleton (D:2)
  11 giant cockroaches
  6 goblins
  8 hobgoblins
  14 kobolds
  3 quokkas (D:6)
  5 bats
  7 frilled lizards
  A leopard gecko skeleton (D:8)
  A quokka skeleton (D:2)
  A quokka zombie (D:8)
  10 rats
228 creatures vanquished.

Notes
Turn   | Place    | Note
-------+----------+-------------------------------------------
     0 | D:1      | DrEnzyme the Formicid Wanderer began the quest for the Orb.
     0 | D:1      | DrEnzyme set off with the following items: a +2 hand
                  | crossbow, 28 bolts, a potion of lignification, a potion of
                  | curing, a +0 robe, a ration
     0 | D:1      | Reached XP level 1. HP: 18/18 MP: 1/1
   276 | D:1      | Reached XP level 2. HP: 23/24 MP: 2/2
   793 | D:1      | Reached XP level 3. HP: 29/29 MP: 3/3
  1460 | D:2      | Reached XP level 4. HP: 37/37 MP: 4/4
  2488 | D:3      | Reached XP level 5. HP: 42/42 MP: 5/5
  2592 | D:3      | Noticed Jessica
  2594 | D:3      | Killed Jessica
  2850 | D:3      | Found a sparkling altar of Nemelex Xobeh.
  3256 | D:4      | Reached XP level 6. HP: 35/48 MP: 6/6
  3535 | D:4      | Noticed an ogre
  3604 | D:4      | Noticed an ogre
  3658 | D:3      | Killed an ogre
  3831 | D:4      | Reached skill level 1 in Axes
  3831 | D:4      | Reached XP level 7. HP: 47/54 MP: 7/7
  3850 | D:4      | Reached skill level 5 in Armour
  3953 | D:4      | Reached skill level 5 in Crossbows
  4493 | D:4      | Found a runed translucent door.
  4494 | D:4      | Noticed Crazy Yiuf
  4942 | D:5      | Entered Level 5 of the Dungeon
  4972 | D:5      | Reached XP level 8. HP: 52/61 MP: 8/8
  5428 | D:5      | Found a glowing drain.
  5432 | Sewer    | Entered a sewer
  5703 | Sewer    | Reached skill level 1 in Dodging
  6327 | D:5      | Reached skill level 5 in Fighting
  6517 | D:5      | Found a staircase to the Ecumenical Temple.
  6812 | Temple   | Entered the Ecumenical Temple
  6978 | Temple   | Became a worshipper of Warmaster Okawaru
  7074 | D:6      | Got a translucent bronze ring
  7080 | D:6      | Identified the ring of the Genius {MR+ Slay+2} (You found
                  | it on level 6 of the Dungeon)
  7087 | D:6      | Reached XP level 9. HP: 68/68 MP: 9/9
  7506 | D:6      | Reached skill level 5 in Axes
  7699 | D:6      | Reached * piety under Okawaru
  7723 | D:6      | Found a runed translucent gate.
  7723 | D:6      | Found a runed translucent gate.
  7723 | D:6      | Found a runed translucent gate.
  7760 | D:6      | Noticed Eeriemist's ghost (novice GnSk)
  8801 | D:7      | Noticed Harold
  8981 | D:8      | Reached ** piety under Okawaru
  9266 | D:8      | Reached XP level 10. HP: 76/76 MP: 10/10
  9294 | D:8      | Found Alela's Jewellery Shop.
  9297 | D:8      | Bought an uncursed ring of poison resistance for 260 gold
                  | pieces
  9407 | D:8      | Found Atuffi's Gadget Shop.
  9741 | D:8      | Reached skill level 1 in Stealth
  9895 | D:8      | Found Lewyst's Food Boutique.
 10037 | D:8      | Found Gimoleja's Food Shop.
 10241 | D:9      | Found a shattered altar of Ashenzari.
 10505 | D:9      | Found a sacrificial altar of Ru.
 10739 | D:9      | Reached *** piety under Okawaru
 10815 | D:9      | Found a staircase to the Lair.
 11098 | D:9      | HP: 2/79 [troll (15)]
 11099 | D:9      | Slain by a troll

Levels and vault maps discovered:
D:1:      dpeg_arrival_rooms_b, layout_rooms
D:2:      layout_basic, serial_undead, serial_undead_c, serial_undead_f,
          serial_undead_a, serial_undead_d, serial_bayou_lagoon_a
D:3:      layout_loops_cross, nemelex_lonely_heart_becter, uniq_jessica
D:4:      layout_basic, uniq_crazy_yiuf_cottage
D:5:      layout_cave_pools, minmay_temple_entry_fiery, first_ration,
          gup_sewer_entry_spiral
D:6:      layout_loops_ring, gammafunk_ghost_necromancy
D:7:      layout_rooms, uniq_harold
D:8:      layout_loops_cross, serial_shops, nicolae_shop_trees,
          kennysheep_little_box, shop_statue, kennysheep_mini_moat,
          minmay_misc_feat_x
D:9:      layout_cave_pools, kennysheep_mini, erik_lair_orcish_takeover,
          cheibrodos_ashenzari_chains
Temple:   minmay_crystal_snake_temple

Skill      XL: |  1  2  3  4  5  6  7  8  9 10 |
---------------+-------------------------------+-----
Crossbows      | 2 3 4 5 6 7 |  7.0
Armour         | 4 5 6 7 8 |  8.8
Fighting       | 4 5 6 7 |  7.0
Axes           | 1 4 6 8 |  8.6
Dodging        | 1 |  1.4
Stealth        | 1 |  1.0
Shields        | 2 |  2.9
Short Blades   | |  0.8
Maces & Flails | |  1.0
Throwing       | |  0.4
Evocations     | |  1.1

Action                   |  1- 3 |  4- 6 |  7- 9 | 10-12 || total
-------------------------+-------+-------+-------+-------++-------
Melee: Dagger            |    58 |    57 |       |       ||   115
       Hand axe          |       |       |   240 |   167 ||   407
 Fire: Hand crossbow     |    57 |   101 |    69 |       ||   227
Throw: Dart              |       |     6 |     2 |       ||     8
Invok: Heroism           |       |       |       |     1 ||     1
 Abil: Dig               |       |       |     1 |       ||     1
  Use: Scroll            |       |    10 |     6 |     1 ||    17
       Potion            |       |     2 |     2 |     5 ||     9
  Eat: Chunk             |     1 |     4 |    12 |     6 ||    23
       Ration            |       |     1 |     2 |       ||     3
Armor: Robe              |    18 |       |       |       ||    18
       Scale mail        |    11 |    56 |    83 |    64 ||   214
       Skin              |       |     7 |       |       ||     7
Dodge: Dodged            |    56 |    52 |   125 |   108 ||   341

Table legend:
 A = Non-vault XP
 B = Vault XP
 C = Vault XP percentage of total XP
 D = Non-vault monster count
 E = Vault monster count
 F = Vault count percentage of total count
                 A         B        C        D         E       F
            +---------+---------+-------+---------+---------+-------
      Total |    5731 |     833 |  12.7 |     187 |      41 |  18.0
            +---------+---------+-------+---------+---------+-------
        D:1 |      32 |       0 |   0.0 |      19 |       0 |   0.0
        D:2 |      52 |      24 |  31.6 |      22 |       6 |  21.4
        D:3 |     224 |      37 |  14.2 |      27 |       1 |   3.6
        D:4 |     618 |       0 |   0.0 |      27 |       0 |   0.0
        D:5 |     619 |      49 |   7.3 |      10 |       7 |  41.2
        D:6 |    1422 |       0 |   0.0 |      36 |       0 |   0.0
        D:7 |       3 |       0 |   0.0 |       1 |       0 |   0.0
        D:8 |    1437 |       0 |   0.0 |      24 |       0 |   0.0
        D:9 |    1324 |     508 |  27.7 |      21 |       8 |  27.6
      Sewer |       0 |     215 | 100.0 |       0 |      19 | 100.0
            +---------+---------+-------+---------+---------+-------
